[Event "Early-Titled-Tuesday-Blitz-April-02-2024"]
[Site "Chess.com"]
[Date "2024.04.02"]
[Round "4"]
[White "secrethawk1"]
[Black "RodTwinkz"]
[Result "0-1"]
[WhiteElo "2412"]
[BlackElo "2712"]
[TimeControl "180+1"]
[EndTime "8:38:50 PDT"]
[Termination "RodTwinkz won on time"]

1. e4 c5 2. Nf3 g6 3. d4 cxd4 4. Nxd4 Bg7 5. c4 Qb6 6. Nb3 Qc7 7. Be2 d6 8. O-O Nc6 9. Qc2 Nf6 10. Nc3 O-O 11.
Be3 Ne5 12. Rac1 a6 13. Nd2 Neg4 14. Bxg4 Nxg4 15. Nd5 Qd8 16. Bb6 Qd7 17. h3 Nf6 18. Rfd1 Nxd5 19. exd5 Qf5 20. Nf3 Re8 21. Qe2 Qh5 22. Re1 Bd7 23. Be3 Rac8 24. Kh2 Bg4 25. Kg1 Bxf3 26. Qxf3 Qxf3 27. gxf3 Bxb2 28. Rb1 Bf6 29.
Rxb7 Rxc4 30. Ra7 Ra4 31. Re2 Kg7 32. Kg2 h5 33. Rd2 Rc8 34. Rb7 Rc3 35. Rb6 Rca3 36. Rb3 Rxa2 37. Rxa2 Rxa2 38. Rb7 a5 39. Ra7 a4 40.
Bc1 Rc2 0-1

[Event "Early-Titled-Tuesday-Blitz-April-02-2024"]
[Site "Chess.com"]
[Date "2024.04.02"]
[Round "4"]
[White "Rawnsdale"]
[Black "mary-sanna"]
[Result "1-0"]
[WhiteElo "2561"]
[BlackElo "2223"]
[TimeControl "180+1"]
[EndTime "8:38:51 PDT"]
[Termination "Rawnsdale won by checkmate"]

1. e4 c5 2. Nf3 Nc6 3. d4 cxd4 4. Nxd4 g6 5. c4 Bg7 6. Be3 Qb6 7. Nb5 Qa5+ 8.
N1c3 a6 9. Nd4 d6 10. Be2 Nf6 11. O-O O-O 12. Nd5 Nxd5 13. exd5 Nxd4 14. Bxd4 b5 15. Bxg7 Kxg7 16. Qd4+ Kg8 17. c5 dxc5 18. Qxc5 Bf5 19. Bf3 Rfe8 20. Rfe1 Rac8 21. Qe3 Qb4 22.
Re2 Qd6 23. h3 Rc7 24. Rae1 Rec8 25. Qg5 Kg7 26. g4 h6 27. Qe3 Bc2 28. Qd4+ Kg8 29.
Rc1 a5 30. Qe3 Qc5 31. Qxh6 Qd4 32. Rd2 Qxb2 33. Re1 Qxa2 34. d6 exd6 35. Bd5 Qb2 36. Rde2 Qg7 37. Re8+ Rxe8 38. Rxe8+ Qf8 39. Rxf8# 1-0

[Event "Early-Titled-Tuesday-Blitz-April-02-2024"]
[Site "Chess.com"]
[Date "2024.04.02"]
[Round "4"]
[White "MarijaKuznecova"]
[Black "AlexanderKing"]
[Result "1-0"]
[WhiteElo "2417"]
[BlackElo "2613"]
[TimeControl "180+1"]
[EndTime "8:38:51 PDT"]
[Termination "MarijaKuznecova won on time"]

1. e4 e6 2. d4 d5 3. Nc3 Bb4 4. e5 c5 5. a3 Bxc3+ 6. bxc3 Qa5 7. Bd2 Qa4 8. Rb1 c4 9. f4 Ne7 10. Nf3 Nbc6 11. g4 h5 12. gxh5 Rxh5 13. Ng5 Rh4 14. Be2 g6 15. Kf2 b6 16. Nf3 Rh8 17. h4 Bd7 18. Ng5 Nf5 19. h5 Ke7 20. Rc1 Rag8 21. hxg6 fxg6 22. Qg1 Be8 23. Qg2 Kd7 24. Bf3 Nce7 25.
Nh7 Kc7 26. Nf6 Rf8 27. Rh2 Nh4 28. Qh1 Nef5 29. Bg4 Rhg8 30. Nxg8 Rxg8 31. Rxh4 Nxh4 32. Qxh4 Qd7 33. Qf6 Qh7 34. Bf3 1-0

[Event "Early-Titled-Tuesday-Blitz-April-02-2024"]
[Site "Chess.com"]
[Date "2024.04.02"]
[Round "4"]
[White "Macron20hTF1"]
[Black "Lennis93"]
[Result "1-0"]
[WhiteElo "2583"]
[BlackElo "2727"]
[TimeControl "180+1"]
[EndTime "8:38:52 PDT"]
[Termination "Macron20hTF1 won by resignation"]

1. Nf3 d5 2. e3 Nf6 3. c4 g6 4. Nc3 Bg7 5. d4 O-O 6. h3 c5 7. dxc5 Ne4 8. Bd2 Nxc3 9. Bxc3 Bxc3+ 10. bxc3 dxc4 11. Qxd8 Rxd8 12. Bxc4 Nd7 13. O-O-O Rf8 14. Ng5 Nxc5 15. Nxf7 Rxf7 16. Rd8+ Kg7 17. Bxf7 Kxf7 18. Rhd1 Ne6 19. Rh8 b6 20. Rxh7+ Kf6 21. Rh8 Bb7 22. Rxa8 Bxa8 23. f3 Nc5 24. Rd8 Bc6 25. Kd2 Bb5 26. g3 a5 27. e4 Bc4 28. a3 b5 29.
Rc8 Nd3 30. a4 Nf2 31. Rc6+ e6 32. axb5 Bxb5 33. Rc5 Be8 34. Rxa5 Nxh3 35. Ke3 g5 36. c4 Bh5 37. c5 Ng1 38. c6 Ke7 39. g4 Be8 40. c7 Kd7 41. Rc5 Kc8 42. Kf2 Nh3+ 43.
Kg3 Nf4 44. Rxg5 Ne2+ 45. Kf2 Nf4 46. Rg8 Kd7 47. Rxe8 1-0

[Event "Early-Titled-Tuesday-Blitz-April-02-2024"]
[Site "Chess.com"]
[Date "2024.04.02"]
[Round "4"]
[White "yaguigor"]
[Black "Aisen1011"]
[Result "1-0"]
[WhiteElo "2633"]
[BlackElo "2464"]
[TimeControl "180+1"]
[EndTime "8:38:53 PDT"]
[Termination "yaguigor won on time"]

1. Nf3 d5 2. d4 Nf6 3. c4 c6 4. Nc3 a6 5. c5 g6 6. Bf4 Bg7 7. h3 O-O 8. e3 Bf5 9. Bd3 Bxd3 10. Qxd3 Nbd7 11. O-O Re8 12. Ne5 Nh5 13. b4 Nxf4 14. exf4 f6 15. Nxd7 Qxd7 16. a4 e5 17. Ne2 exd4 18.
Nxd4 Re4 19. f5 Rae8 20. b5 gxf5 21. bxc6 bxc6 22. f3 R4e5 23. Qxa6 f4 24. Qxc6 Qf7 25. Rab1 Rg5 26. Rb7 Qg6 27. Rb2 Qf7 28. Re2 Rxe2 29. Nxe2 f5 30. Nxf4 h6 31. Rd1 Kh7 32. Qxd5 Qa7 33.
h4 Rg3 34. Kh2 Qb8 35. Qxf5+ 1-0

[Event "Early-Titled-Tuesday-Blitz-April-02-2024"]
[Site "Chess.com"]
[Date "2024.04.02"]
[Round "4"]
[White "Mariia89"]
[Black "Likvidator228"]
[Result "0-1"]
[WhiteElo "2281"]
[BlackElo "2569"]
[TimeControl "180+1"]
[EndTime "8:38:53 PDT"]
[Termination "Likvidator228 won on time"]

1. d4 f5 2. g3 Nf6 3. Bg2 g6 4. Nf3 Bg7 5. c4 O-O 6. Nc3 d6 7. O-O Nc6 8. Re1 e5 9. d5 Ne7 10.
h3 e4 11. Nd4 c6 12. Bf4 cxd5 13. cxd5 a6 14. Ne6 Bxe6 15. dxe6 d5 16. Be5 Rc8 17. e3 Rc6 18. Bd4 Rxe6 19. g4 fxg4 20. hxg4 g5 21.
Na4 Ng6 22. Nc5 Re7 23. Qb3 Nxg4 24. Bxg7 Kxg7 25. Re2 Qd6 26. Nxb7 Qh2+ 27. Kf1 Ref7 28. Ke1 Qxg2 29. Qc3+ N6e5 30. Kd2 Rxf2 31. Re1 Kg6 32. Nd6 Nf3+ 33. Kd1 Nxe1 34. Rxe1 Rf1 35. Nb7 Rxe1+ 0-1

[Event "Early-Titled-Tuesday-Blitz-April-02-2024"]
[Site "Chess.com"]
[Date "2024.04.02"]
[Round "4"]
[White "Mr_ruthless"]
[Black "kritipatel"]
[Result "1-0"]
[WhiteElo "2509"]
[BlackElo "2260"]
[TimeControl "180+1"]
[EndTime "8:38:53 PDT"]
[Termination "Mr_ruthless won by checkmate"]

1. Nf3 d5 2. b3 c5 3. Bb2 Nc6 4. e3 Nf6 5. c4 Bf5 6. d4 e6 7. Nc3 Be7 8. dxc5 Bxc5 9. cxd5 exd5 10. Bd3 Bxd3 11. Qxd3 O-O 12. O-O Bb6 13. Rfd1 Nb4 14.
Qe2 Qd6 15. a3 Na6 16. Nb5 Qe6 17. b4 Rad8 18. Rac1 Ne4 19. Bd4 Bxd4 20. Nfxd4 Qg6 21. Nxa7 f5 22. Nac6 bxc6 23. Rxc6 Qg5 24. Ne6 Qh4 25. Rxa6 Nc3 26. Qd2 Nxd1 27. Qxd1 Rfe8 28. Nxd8 Rxd8 29. Qd4 Qe7 30. Ra7 Qf8 31. h3 g5 32. a4 f4 33.
exf4 gxf4 34. a5 f3 35. gxf3 Rd6 36. Kf1 Rg6 37. Qxd5+ Kh8 38. Ra8 Qxa8 39. Qxa8+ Kg7 40. Qb7+ Kh6 41. a6 Kh5 42. a7 h6 43. a8=Q Kh4 44.
Qe4+ Kh5 45. Qad5+ Rg5 46. Qf7+ Rg6 47. Qg4# 1-0

[Event "Early-Titled-Tuesday-Blitz-April-02-2024"]
[Site "Chess.com"]
[Date "2024.04.02"]
[Round "4"]
[White "Rodalquilar"]
[Black "RantomOpening"]
[Result "1-0"]
[WhiteElo "2742"]
[BlackElo "2567"]
[TimeControl "180+1"]
[EndTime "8:38:54 PDT"]
[Termination "Rodalquilar won by checkmate"]

1. d4 d5 2. Nf3 e6 3. Bf4 Nf6 4. e3 Bd6 5. Bg3 O-O 6. c4 b6 7. cxd5 exd5 8. Nc3 Bb7 9. Qc2 Ne4 10.
Nxe4 dxe4 11. Nd2 f5 12. Nc4 Bb4+ 13. Nd2 c5 14. dxc5 bxc5 15. Bc4+ Kh8 16. O-O-O Qf6 17. a3 Ba5 18. Nb3 Bb6 19. Rd6 Qe7 20. Rhd1 Bc7 21. Re6 Qf7 22. Rb6 Qxc4 23. Qxc4 Bxb6 24. Bd6 Rg8 25.
Nxc5 Bc6 26. Ne6 Bd7 27. Ng5 Be8 28. Qe6 Nc6 29. Kb1 Rd8 30. Rd5 Na5 31. Be5 Rxd5 32.
Qxd5 Nc6 33. Bc3 Ne7 34. Qe6 Bd8 35. g4 Bg6 36. h4 h6 37. Nf7+ Kh7 38. Nxd8 Rxd8 39.
Qxe7 Rd1+ 40. Kc2 Rg1 41. Qxg7# 1-0

[Event "Early-Titled-Tuesday-Blitz-April-02-2024"]
[Site "Chess.com"]
[Date "2024.04.02"]
[Round "4"]
[White "SAInt_666"]
[Black "Goffredo_Fofi"]
[Result "0-1"]
[WhiteElo "2707"]
[BlackElo "2574"]
[TimeControl "180+1"]
[EndTime "8:38:54 PDT"]
[Termination "Goffredo_Fofi won on time"]

1. d4 g6 2. e4 Bg7 3. Nf3 c6 4. Bd3 d5 5. exd5 cxd5 6. h3 Nc6 7. c3 Bf5 8. Bxf5 gxf5 9. O-O e6 10. Re1 Nge7 11.
Nbd2 O-O 12. Nf1 Kh8 13. Ng3 Ng6 14. Nh5 Rg8 15. Bg5 f6 16. Bd2 e5 17. dxe5 fxe5 18. Bg5 Qd6 19. Qd2 f4 20. Rad1 h6 21. Nxg7 Kxg7 22.
Bh4 Nxh4 23. Nxh4 Qf6 24. Nf3 Rad8 25. Nh2 Rge8 26. Qe2 Re7 27. Qb5 Red7 28. c4 Nd4 29. Rxd4 exd4 30. cxd5 Rxd5 31. Qxb7+ R5d7 32. Qf3 d3 33. Ng4 d2 34. Rd1 Qd4 35. Kh2 Re7 0-1

[Event "Early-Titled-Tuesday-Blitz-April-02-2024"]
[Site "Chess.com"]
[Date "2024.04.02"]
[Round "4"]
[White "Englishman_18"]
[Black "HonestJoe1"]
[Result "0-1"]
[WhiteElo "2272"]
[BlackElo "2064"]
[TimeControl "180+1"]
[EndTime "8:38:54 PDT"]
[Termination "HonestJoe1 won on time"]

1. Nf3 c5 2. c4 Nc6 3. Nc3 g6 4. e3 Nf6 5. d4 cxd4 6. exd4 d5 7.
Be2 Bg7 8. O-O O-O 9. Bf4 Bg4 10.
h3 Bxf3 11. Bxf3 dxc4 12. d5 Nb4 13. d6 Nd3 14. dxe7 Qxe7 15. Bg3 Rad8 16. Qc2 Rfe8 17. Nb5 Qc5 18. a4 Nd5 19. Bxd5 Rxd5 20. Nc7 Nb4 21.
Qc1 Red8 22. Nxd5 Qxd5 23. Rd1 Nd3 24. Qc2 h5 25. Rab1 Qe6 26. b3 Ne5 27. Bxe5 Rxd1+ 28. Rxd1 cxb3 29. Rd8+ Kh7 30. Qc8 Qxe5 31. Qxb7 Qe1+ 32.
Kh2 b2 33. Qb3 Be5+ 34. g3 Qxf2+ 35. Kh1 Qf1+ 36. Kh2 b1=Q 0-1

[Event "Early-Titled-Tuesday-Blitz-April-02-2024"]
[Site "Chess.com"]
[Date "2024.04.02"]
[Round "4"]
[White "lilleper1"]
[Black "TheBigBoss04"]
[Result "1-0"]
[WhiteElo "2912"]
[BlackElo "2739"]
[TimeControl "180+1"]
[EndTime "8:38:56 PDT"]
[Termination "lilleper1 won on time"]

1. e4 d6 2. d4 Nf6 3. Nc3 g6 4. Be3 Bg7 5. Qd2 c6 6. Nf3 Nbd7 7. Bd3 e5 8. Bh6 Bxh6 9. Qxh6 Ng4 10. Qd2 Qb6 11.
Bc4 O-O 12. O-O-O Kg7 13. h3 Ngf6 14. g4 a5 15. a3 Qc7 16. h4 b5 17. Bd3 b4 18. Nb1 Nxg4 19. h5 Ndf6 20. dxe5 dxe5 21. h6+ Kg8 22. Ng5 Qb6 23. Rdf1 Rb8 24. axb4 axb4 25. f3 Ne3 26. Re1 b3 27. cxb3 Qxb3 28. Rxe3 Rd8 29. Qc2 Qb6 30. Re2 Rxd3 31. Qxd3 Ba6 32.
Qd2 Bxe2 33. Qxe2 Qc5+ 34. Nc3 Nh5 35. Rd1 Nf4 36. Qd2 f6 37. Qd7 Qe3+ 38. Kc2 Qf2+ 39. Rd2 1-0

[Event "Early-Titled-Tuesday-Blitz-April-02-2024"]
[Site "Chess.com"]
[Date "2024.04.02"]
[Round "4"]
[White "EdmundPlayer"]
[Black "vladoboch"]
[Result "0-1"]
[WhiteElo "2276"]
[BlackElo "2514"]
[TimeControl "180+1"]
[EndTime "8:38:56 PDT"]
[Termination "vladoboch won by checkmate"]

1. c4 e5 2. Nc3 Bb4 3. e3 Nf6 4. Nge2 d6 5. a3 Bc5 6. b4 Bb6 7. Na4 O-O 8. Bb2 Bf5 9. Nec3 e4 10. h3 c6 11. g4 Bg6 12. Bg2 Re8 13. Nxb6 axb6 14.
Ne2 Nbd7 15. Nf4 Ne5 16. O-O Nxc4 17. Qc2 d5 18. a4 Nd7 19. Bc3 Nde5 20. Qb3 Qh4 21.
a5 b5 22. Bd4 Nxd2 23. Qc3 Nef3+ 24. Kh1 f6 25. Bc5 Nxf1 26. Rxf1 Kf7 27. Qb2 Ne5 28. Qd4 Nxg4 29. Kg1 Ne5 30. Ra1 Nf3+ 31. Bxf3 exf3 32. Rb1 Bxb1 33. Nxd5 Qg5+ 34. Kf1 Qxd5 35. Ke1 Qxd4 36.
Kf1 Qd1# 0-1

[Event "Early-Titled-Tuesday-Blitz-April-02-2024"]
[Site "Chess.com"]
[Date "2024.04.02"]
[Round "4"]
[White "aljado"]
[Black "DarZay"]
[Result "1-0"]
[WhiteElo "2151"]
[BlackElo "2324"]
[TimeControl "180+1"]
[EndTime "8:38:56 PDT"]
[Termination "aljado won on time"]

1. e4 c5 2. Nf3 Nc6 3. d4 cxd4 4. Nxd4 Nf6 5. Nc3 d6 6. g3 e5 7. Ndb5 a6 8. Na3 b5 9. Nd5 Nxe4 10. Bg2 f5 11.
O-O Bb7 12. f4 Nd4 13. c4 bxc4 14. Qa4+ Bc6 15. Qxc4 Rc8 16. Bxe4 Bb5 17. Qb4 Bxf1 18. fxe5 Rxc1 19. Rxc1 Ne2+ 20. Kxf1 Nxc1 21. Bxf5 dxe5 22. Qa4+ Kf7 23. Qc6 Bxa3 24. Be6+ Kf8 25. bxa3 g6 26. Qxc1 Kg7 27. Qc6 Rf8+ 28. Kg2 Qg5 29. Qc7+ Kh6 30. Qc4 Qd2+ 31. Kh3 Qf2 32. Qh4+ Kg7 33. Qe7+ Kh8 34.
Nf4 Qf1+ 35. Kh4 Rxf4+ 36. gxf4 Qf2+ 37. Kh3 1-0

[Event "Early-Titled-Tuesday-Blitz-April-02-2024"]
[Site "Chess.com"]
[Date "2024.04.02"]
[Round "4"]
[White "NigiriSushies"]
[Black "Gennady_Kozlov"]
[Result "0-1"]
[WhiteElo "2311"]
[BlackElo "2627"]
[TimeControl "180+1"]
[EndTime "8:38:57 PDT"]
[Termination "Gennady_Kozlov won by resignation"]

1. e4 e6 2. d4 d5 3. e5 c5 4.
c3 Nc6 5. Nf3 Bd7 6. Bd3 Qb6 7.
O-O f6 8. exf6 Nxf6 9. Re1 Bd6 10. dxc5 Bxc5 11. Be3 O-O-O 12. b4 Bxe3 13. Rxe3 Ng4 14.
Re2 a6 15. a4 Rhf8 16. a5 Qc7 17. h3 Rxf3 18. hxg4 Ne5 19. gxf3 Nxf3+ 20. Kf1 Qh2 21. Re3 Rf8 22. Qxf3 Rxf3 23. Rxf3 e5 24. Bf5 e4 25. Bxd7+ Kxd7 26. Rf7+ Ke6 27. Rxb7 Qh1+ 28. Ke2 Qf3+ 29. Ke1 Qh1+ 30. Ke2 Qc1 31. Rb6+ Ke5 32. Ra2 Qxb1 33. Rd2 Qg1 34. Rxa6 Qxg4+ 35. Ke1 Kf4 36. Rxd5 Qg1+ 37. Ke2 Qg4+ 38. Kd2 Kf3 39. Ra8 Qf4+ 40. Ke1 Qc1+ 41. Rd1 Qxc3+ 42. Rd2 Qxb4 43. Rd8 Qxa5 44. Rf8+ Kg4 45.
Re8 Qb4 46. Ke2 Qb5+ 47. Ke3 Qxe8 48. Rd4 h5 49. Rxe4+ Qxe4+ 50. Kxe4 h4 51. f3+ Kg3 52. Ke3 h3 53. f4 h2 54. f5 h1=Q 55. f6 gxf6 56.
Kd4 f5 57. Ke3 0-1

[Event "Early-Titled-Tuesday-Blitz-April-02-2024"]
[Site "Chess.com"]
[Date "2024.04.02"]
[Round "4"]
[White "joksijoksi"]
[Black "JCVanDamme10"]
[Result "1-0"]
[WhiteElo "2532"]
[BlackElo "2338"]
[TimeControl "180+1"]
[EndTime "8:38:58 PDT"]
[Termination "joksijoksi won on time"]

1. c4 c6 2. Nf3 d5 3. d4 Nf6 4.
cxd5 cxd5 5. Nc3 Nc6 6. Bf4 a6 7. e3 Bf5 8. Be2 e6 9. h3 h6 10. O-O Bd6 11. Ne5 Bxe5 12. dxe5 Nd7 13. Bg4 Bxg4 14. Qxg4 g5 15. Bh2 Ndxe5 16. Qa4 b5 17.
Qc2 Nc4 18. b3 Nb4 19. Qe2 Nd6 20. a3 Nc6 21. Rfc1 Rc8 22. Qb2 O-O 23. Ne2 Ne4 24. Nd4 Nxd4 25. Qxd4 Qe7 26. f3 Nd6 27. g4 Rxc1+ 28. Rxc1 Rc8 29. Rc5 Rxc5 30. Qxc5 Nf5 31.
Qc8+ Qf8 32. Qxa6 Nxe3 33. Qxb5 Qxa3 34. Qe8+ Qf8 35. Qxf8+ Kxf8 36. Kf2 Nc2 37. Be5 Ke7 38. Bg7 f6 39. Bxh6 Nd4 40. b4 Nb5 41. f4 gxf4 42.
Bxf4 e5 43. Bd2 d4 44. Kf3 Ke6 45. h4 f5 46. g5 e4+ 47. Ke2 Kf7 48. h5 Kg7 49. g6 1-0

[Event "Early-Titled-Tuesday-Blitz-April-02-2024"]
[Site "Chess.com"]
[Date "2024.04.02"]
[Round "4"]
[White "Kratos031"]
[Black "HanSchut"]
[Result "1/2-1/2"]
[WhiteElo "2497"]
[BlackElo "2260"]
[TimeControl "180+1"]
[EndTime "8:38:58 PDT"]
[Termination "Game drawn by repetition"]

1. d4 Nf6 2. c4 g6 3. Nc3 d5 4. Bf4 Bg7 5. Nf3 O-O 6. e3 c5 7. Rc1 cxd4 8. exd4 Nc6 9. Be2 a6 10. O-O dxc4 11. Bxc4 Bg4 12. Be3 Rc8 13. Be2 Nd5 14. h3 Bxf3 15. Bxf3 Nxe3 16. fxe3 Bh6 17. Re1 e6 18. a3 Qh4 19. Ne4 Rfd8 20. Rc3 Bg7 21. Rd3 Ne7 22. Nc5 Nf5 23. Nxb7 Rd7 24. Nc5 Rdd8 25. Re2 Qg3 26. Qe1 Qxe1+ 27. Rxe1 Rxc5 28. Rb3 Rc7 29. Rb6 Rc2 30. b4 Nxd4 31. Rxa6 Nxf3+ 32. gxf3 Rdd2 33. Ra8+ Bf8 34. b5 Kg7 35. b6 Rg2+ 36. Kh1 Rh2+ 37. Kg1 Rcg2+ 38. Kf1 Rf2+ 39. Kg1 Rfg2+ 40.
Kf1 Rf2+ 41. Kg1 Rfg2+ 1/2-1/2

[Event "Early-Titled-Tuesday-Blitz-April-02-2024"]
[Site "Chess.com"]
[Date "2024.04.02"]
[Round "4"]
[White "SlavenPastar"]
[Black "atalz0"]
[Result "0-1"]
[WhiteElo "2546"]
[BlackElo "2381"]
[TimeControl "180+1"]
[EndTime "8:38:59 PDT"]
[Termination "atalz0 won by resignation"]

1. Nf3 Nf6 2. g3 b5 3. Bg2 Bb7 4. Na3 b4 5. Nc4 a5 6. O-O e6 7. b3 Be7 8. a3 O-O 9. Bb2 d5 10. Nce5 c5 11. axb4 axb4 12. Rxa8 Bxa8 13. Qa1 Nc6 14. Nxc6 Bxc6 15. Ne5 Bb5 16. d3 Qa8 17. h3 Rd8 18. g4 Bf8 19. f4 Nd7 20. Nxd7 Bxd7 21.
f5 Qxa1 22. Rxa1 exf5 23. Bxd5 fxg4 24. hxg4 Bxg4 25. e4 Be6 26. Bxe6 fxe6 27. Ra7 c4 28. Kf1 cxd3 29. cxd3 Rxd3 30. Ke2 Rxb3 31. Be5 Ra3 32. Rb7 Ra5 33. Bc7 Rh5 34. e5 h6 35. Kf3 Rf5+ 36.
Ke4 Rf7 37. Kd4 g5 38. Kc4 g4 39. Kb5 g3 40. Kc6 g2 41. Bb6 Rxb7 42. Kxb7 b3 0-1

[Event "Early-Titled-Tuesday-Blitz-April-02-2024"]
[Site "Chess.com"]
[Date "2024.04.02"]
[Round "4"]
[White "Onischuk_V"]
[Black "GOGIEFF"]
[Result "0-1"]
[WhiteElo "2821"]
[BlackElo "3017"]
[TimeControl "180+1"]
[EndTime "8:39:00 PDT"]
[Termination "GOGIEFF won by resignation"]

1. Nf3 d5 2. g3 c6 3. Bg2 Bg4 4. O-O Nd7 5. d3 e6 6. Nbd2 Bd6 7. h3 Bh5 8. e4 Ne7 9. Qe1 a5 10. Nh2 Qc7 11. f4 f6 12. d4 Qb6 13. c3 Bf7 14. Kh1 O-O 15. e5 Bc7 16. Ndf3 fxe5 17. dxe5 c5 18. Be3 Bg6 19. Qd2 Be4 20. g4 a4 21. Ng5 Bxg2+ 22. Qxg2 h6 23. Ngf3 d4 24. cxd4 Nd5 25. dxc5 Nxc5 26. Qg1 Nxe3 27. Qxe3 Qc6 28. Rac1 Bb6 29. Rc4 Qd5 30. Rb4 Ba7 31. Qe2 Nd3 32.
Rxa4 Nxf4 33. Qe4 Qxe4 34. Rxe4 Nxh3 35. Ra4 Be3 36. Rxa8 Rxa8 37. a3 Rc8 38. Kg2 Nf4+ 39. Kg3 Rc2 40. Ne1 Rxb2 41. Rxf4 Bxf4+ 42. Kxf4 Rxh2 0-1

[Event "Early-Titled-Tuesday-Blitz-April-02-2024"]
[Site "Chess.com"]
[Date "2024.04.02"]
[Round "4"]
[White "Radzio1987"]
[Black "Makswolf200817"]
[Result "0-1"]
[WhiteElo "2898"]
[BlackElo "2774"]
[TimeControl "180+1"]
[EndTime "8:39:01 PDT"]
[Termination "Makswolf200817 won by resignation"]

1. e4 e6 2. d4 d5 3. Nc3 Bb4 4. Bd3 c5 5. exd5 Qxd5 6. Nf3 cxd4 7. a3 Bxc3+ 8. bxc3 dxc3 9. O-O Bd7 10. a4 Bc6 11. Ba3 Nd7 12. Qe2 Ngf6 13. Rfe1 Qh5 14. Bc4 Bxf3 15. gxf3 Nd5 16. Kh1 O-O-O 17. Rab1 N7b6 18.
a5 Nxc4 19. Qxc4+ Nc7 20. a6 Qxf3+ 21. Kg1 b6 22. Re3 Rd1+ 23. Re1 Rxe1+ 24. Rxe1 Rd8 25. Bc1 Rd5 26. Bf4 Rc5 27. Qd4 Qg4+ 28. Kh1 Nd5 29. Re4 Qf3+ 30. Kg1 Qg4+ 31. Kh1 f5 32. Qe5 fxe4 33.
Qb8+ Kd7 34. Qb7+ Nc7 0-1

[Event "Early-Titled-Tuesday-Blitz-April-02-2024"]
[Site "Chess.com"]
[Date "2024.04.02"]
[Round "4"]
[White "Aleksandar-Topalov"]
[Black "MaestroCheck"]
[Result "0-1"]
[WhiteElo "2341"]
[BlackElo "2534"]
[TimeControl "180+1"]
[EndTime "8:39:01 PDT"]
[Termination "MaestroCheck won on time"]

1. b3 d5 2. Bb2 Bf5 3. Nf3 e6 4. g3 h6 5. Bg2 Nf6 6. O-O Be7 7. d3 O-O 8. Nbd2 Nbd7 9. Qe1 c6 10. e4 Bh7 11. Qe2 a5 12. a3 Qc7 13. Kh1 Rfe8 14. Ng1 e5 15. Ngf3 Bd6 16. Nh4 Rad8 17. Nf5 Bxf5 18.
exf5 Bc5 19. Rfe1 Qd6 20. h3 Bd4 21. c3 Bb6 22. b4 Bc7 23. Rac1 Nf8 24. Red1 Qd7 25. g4 Qd6 26. Nf1 e4 27. dxe4 Nxe4 28. Qf3 Nh7 29. c4 Nhg5 30. Qe3 axb4 31. cxd5 cxd5 32.
axb4 Qxb4 33. Rxc7 Qxb2 34. Bxe4 Nxe4 35. Kg2 Nf6 36. Qd4 Qb3 37. Rd3 Qb5 38. Rcc3 Re4 0-1

[Event "Early-Titled-Tuesday-Blitz-April-02-2024"]
[Site "Chess.com"]
[Date "2024.04.02"]
[Round "4"]
[White "KacperKacprzak"]
[Black "Vasily_IM"]
[Result "1/2-1/2"]
[WhiteElo "2702"]
[BlackElo "2561"]
[TimeControl "180+1"]
[EndTime "8:39:02 PDT"]
[Termination "Game drawn by repetition"]

1. e4 e5 2. Nf3 Nf6 3. Nc3 d6 4. d4 Nbd7 5. Bc4 Be7 6. O-O O-O 7. a4 c6 8. Re1 b6 9. h3 a6 10. Be3 Rb8 11. Ba2 b5 12. axb5 axb5 13. b4 Qc7 14. Qe2 d5 15. Nxe5 Nxe5 16. dxe5 Qxe5 17. Bd2 dxe4 18.
Nxe4 Nxe4 19. Qxe4 Qxe4 20. Rxe4 Bf6 21. Rc1 Bf5 22.
Ree1 Rfe8 23. Bb3 Kf8 24. c4 bxc4 25. Bxc4 Rxe1+ 26. Rxe1 Re8 27. Be3 Be7 28. Bd2 Rb8 29.
Re5 Bg6 30. b5 Bd6 31. Rg5 h6 32. Rg4 cxb5 33. Bb3 b4 34. Rd4 Be7 35. Bf4 Rc8 36.
Rd7 Bf5 37. Rb7 Be6 38. Ba4 g5 39. Be5 Rc5 40. Rb8+ Rc8 41. Rb7 Rc5 42. Rb8+ Rc8 43. Rb7 1/2-1/2

[Event "Early-Titled-Tuesday-Blitz-April-02-2024"]
[Site "Chess.com"]
[Date "2024.04.02"]
[Round "4"]
[White "Der_Balak_3Halak"]
[Black "Ordekalog"]
[Result "1-0"]
[WhiteElo "2419"]
[BlackElo "2626"]
[TimeControl "180+1"]
[EndTime "8:39:02 PDT"]
[Termination "Der_Balak_3Halak won on time"]

1. e4 c5 2. Nf3 Nc6 3. Bb5 e5 4. Nc3 Bd6 5. Nd5 Nge7 6. c3 Nxd5 7. exd5 Ne7 8. Qe2 Nxd5 9. d4 cxd4 10. cxd4 Bb4+ 11. Bd2 Bxd2+ 12. Nxd2 O-O 13. dxe5 Qa5 14. Bc4 Nf4 15. Qe4 Ng6 16. f4 d6 17. b4 Qb6 18. a3 dxe5 19. fxe5 Re8 20. Nf3 Be6 21. Bd3 Rad8 22. Rd1 Rd5 23. h4 h5 24. Ke2 Qd8 25. Rhe1 Rd7 26. Bb5 Rxd1 27. Rxd1 Qe7 28. Bxe8 Qxe8 29.
Kf2 Qe7 30. Qd4 f6 31. Qd8+ Qxd8 32. Rxd8+ Kf7 33. Ke3 Ke7 34. Rb8 fxe5 35. Rxb7+ Kf6 36. Ng5 Nf4 37. g3 Nd5+ 38. Kd2 1-0

[Event "Early-Titled-Tuesday-Blitz-April-02-2024"]
[Site "Chess.com"]
[Date "2024.04.02"]
[Round "4"]
[White "Keeper0416"]
[Black "Rurep26"]
[Result "0-1"]
[WhiteElo "2557"]
[BlackElo "2722"]
[TimeControl "180+1"]
[EndTime "8:39:04 PDT"]
[Termination "Rurep26 won on time"]

1. d4 Nf6 2. c4 e6 3. Nf3 b6 4. g3 Ba6 5. Nbd2 Bb7 6. Bg2 c5 7.
O-O cxd4 8. b3 Be7 9. Bb2 O-O 10. Nxd4 Bxg2 11. Kxg2 d5 12. e3 dxc4 13. Nxc4 Qd5+ 14. Qf3 Qxf3+ 15. Kxf3 Nbd7 16. Nc6 Rfe8 17. Rfd1 Bf8 18. e4 Rec8 19. Bxf6 Nxf6 20. N4e5 Rc7 21. b4 a6 22. a4 Rac8 23. b5 a5 24. Nc4 Bc5 25. Rd3 g5 26. g4 Kg7 27. Rad1 h5 28. h3 hxg4+ 29. hxg4 Rh8 30. N4e5 Rh3+ 31. Kg2 Rxd3 32. Rxd3 Nxe4 33. f3 Nf6 34. Rd8 Nd5 35. Nd3 Be3 36. Kf1 Nc3 37.
Nb2 Bc1 38. Nc4 Nxa4 39. Rd1 Bb2 40. Rd2 Bf6 41. Ra2 Nc3 42. Rb2 Nxb5 43. Rxb5 Rxc6 44.
Nxb6 Rc1+ 45. Ke2 Rc2+ 46. Kd3 Rc3+ 47. Ke2 Bd4 48. Na4 Re3+ 0-1

[Event "Early-Titled-Tuesday-Blitz-April-02-2024"]
[Site "Chess.com"]
[Date "2024.04.02"]
[Round "4"]
[White "ricaurtelopezj1955"]
[Black "ragnaroek66"]
[Result "0-1"]
[WhiteElo "2165"]
[BlackElo "2495"]
[TimeControl "180+1"]
[EndTime "8:39:04 PDT"]
[Termination "ragnaroek66 won on time"]

1. e4 c5 2. Nf3 Nc6 3. d4 cxd4 4.
Nxd4 Nf6 5. Nc3 d6 6. f4 e6 7. Nf3 Qc7 8. Bd3 a6 9. a3 Be7 10. O-O b5 11. Kh1 Bb7 12. Qe2 Nd7 13. Bd2 Rc8 14.
Rae1 O-O 15. Nd5 exd5 16. exd5 Bf6 17. dxc6 Bxc6 18. c3 Nc5 19. Bc2 Rfe8 20. Qf2 Ne4 21. Bxe4 Bxe4 22. Nd4 Qb7 23. Re2 a5 24. Rfe1 d5 25.
h3 h5 26. Kh2 h4 27. g4 hxg3+ 28. Qxg3 b4 29. axb4 axb4 30. Nf5 Qd7 31. Ne3 bxc3 32. bxc3 Qd8 33. Ng4 Bh4 34. Qg1 Bxe1 35. Qxe1 Qd6 36. Qg3 Bf5 37. Ne3 Be4 38. Ng4 Rb8 0-1

[Event "Early-Titled-Tuesday-Blitz-April-02-2024"]
[Site "Chess.com"]
[Date "2024.04.02"]
[Round "4"]
[White "Roosters19"]
[Black "Maluco_do_Natal_00"]
[Result "1-0"]
[WhiteElo "2290"]
[BlackElo "1998"]
[TimeControl "180+1"]
[EndTime "8:39:06 PDT"]
[Termination "Roosters19 won on time"]

1. d4 d5 2. c4 c6 3. Nc3 Nf6 4. Nf3 dxc4 5. Bg5 b5 6. e3 Nbd7 7. a4 b4 8. Na2 a5 9. Bxc4 e6 10.
O-O Be7 11. Nc1 c5 12. Ne2 Bb7 13. Ng3 O-O 14. Rc1 Nb6 15. Bb5 cxd4 16. exd4 Rc8 17. Qe2 h6 18. Be3 Nbd5 19. Ne5 Qd6 20. Nc4 Qd8 21. Ne5 Qb6 22. Qd3 Rfd8 23. Rxc8 Rxc8 24. Qe2 Bd6 25. Nh5 Be7 26. Nxf6+ Nxf6 27. Qd2 Qd6 28. Bf4 Qd5 29. f3 b3 30. Bg3 Bb4 31. Qe3 Rd8 32. Bf2 Ba8 33. Qf4 Bb7 34. Bc4 Qd6 35.
Bb5 Bd5 36. Qh4 Bd2 37. Nc4 Bg5 38. Nxd6 Bxh4 39. Ne4 Bxf2+ 40. Nxf2 1-0